 Dungeon Crawl Stone Soup version 0.31-a0-1002-g8e65716e6e (webtiles) character file.

Game seed: 10291940831018269293

800 Malachi the Trooper (level 7, -2/61 HPs)
             Began as a Ghoul Gladiator on Nov 10, 2023.
             Constricted to death by an orc wizard (3 damage)
             ... on level 6 of the Dungeon.
             The game lasted 00:05:05 (3845 turns).

Malachi the Trooper (Ghoul Gladiator)               Turns: 3845, Time: 00:05:06

Health: -2/61      AC: 10    Str: 20    XL:     7   Next: 90%
Magic:  6/6        EV: 11    Int:  3    God:
Gold:   914        SH:  0    Dex: 10    Spells: 6/6 levels left

rFire   . . .        a - +0 war axe
rCold   + . .        (no shield)
rNeg    + + +        s - +0 chain mail
rPois   ∞            c - +0 helmet
rElec   .            (no cloak)
rCorr   .            (no gloves)
SInv    .            i - +0 pair of boots
Will    .....        (no amulet) Stlth
                     g - +5 ring of evasion
HPRegen 0.00/turn    (no ring)
MPRegen 0.10/turn

%: no passive effects
@: confused, mighty, grasped by roots, inhibited regen, constricted
A: claws 1, cold resistance 1, negative energy resistance 3, inhibited
regeneration, torment resistance 2, devour on kill
a: no special abilities


You were on level 6 of the Dungeon.
You visited 1 branch of the dungeon, and saw 6 of its levels.

You collected 914 gold pieces.

Inventory:

Hand Weapons
 a - a +0 war axe (weapon)
Missiles
 d - 3 throwing nets (quivered)
 e - 5 javelins
Armour
 c - a +0 helmet (worn)
 i - a +0 pair of boots (worn)
 s - a +0 chain mail (worn)
Jewellery
 g - a +5 ring of evasion (left claw)
Wands
 r - a wand of mindburst (19)
 v - a wand of paralysis (9)
 x - a wand of light (14)
Scrolls
 f - a scroll of blinking
 h - 2 scrolls of butterflies
 l - a scroll of revelation
 o - 2 scrolls of vulnerability
 p - a scroll of fear
 t - a scroll of immolation
Potions
 b - a potion of brilliance
 j - a potion of attraction
 m - 3 potions of curing {unknown}
 n - a potion of heal wounds
 q - a potion of degeneration {unknown}
 u - a potion of enlightenment {unknown}
 w - a potion of lignification {unknown}


   Skills:
 + Level 5.0 Fighting
 + Level 4.7 Axes
 + Level 4.2 Throwing
 + Level 4.7 Dodging


You had 6 spell levels left.
You didn't know any spells.
Your spell library contained the following spells:

 Spells                   Type           Power      Damage    Failure   Level
 Hailstorm                Conj/Ice       0%         3d3       100%        3
 Volatile Blastmotes      Fire/Tloc      0%         2d10      100%        3
 Fulminant Prism          Conj/Hex       0%         3d5       100%        4
 Iskenderun's Mystic Bla  Conj/Tloc      0%         2d3       100%        4
 Summon Ice Beast         Ice/Summ       0%         N/A       100%        4
 Metabolic Englaciation   Hex/Ice        0%         N/A       100%        5


Dungeon Overview and Level Annotations

Branches:
Dungeon (6/15)
 Temple: D:4-7

Altars:
Dithmenos
Hepliaklqana

Annotations:
D:5 Eustachio


Innate Abilities, Weirdness & Mutations

You are immune to poison.
You have sharp fingernails.
Your flesh is cold resistant. (rC+)
You are immune to negative energy. (rN+++)
You do not regenerate when monsters are visible.
You are immune to unholy pain and torment.
You thrive by killing the living.


Message History

Deactivating autopickup; reactivate with Ctrl-A.
The orc warrior hits you with a +0 halberd!
You feel very mighty all of a sudden.
You hear some strange, mumbled words.
You are confused.
The orc warrior barely misses you.
You barely miss the orc warrior.
You hear some strange, mumbled words.
Something tries to affect you, but you resist.
The orc warrior closely misses you.
You bump into the stone wall.
The orc misses you.
You hear a zap.
The roots erupt in riotous growth!
The grasping roots grab you!
The orc is unaffected.
The orc warrior is unaffected.
You are constricted.
The orc warrior hits you with a +0 halberd.
Unknown command.
You miss the orc warrior. You slash the orc!
You kill the orc!
You are constricted.
The orc warrior hits you with a +0 halberd!
* * * LOW HITPOINT WARNING * * *
The grasping roots release their grip on you.
Unknown command.
You bump into the stone wall.
You hear a zap.
The roots erupt in riotous growth!
The grasping roots grab you!
The orc is unaffected.
The orc warrior is unaffected.
You are constricted.
* * * LOW HITPOINT WARNING * * *
The orc warrior barely misses you.
Unknown command.
Unknown command.
You closely miss the orc warrior. You miss something. You closely miss the orc.
You hear some strange, mumbled words.
A puff of flame appears from out of thin air!
The puff of flame hits you.
* * * LOW HITPOINT WARNING * * *
You are constricted.
You die...

...####.##...#......
## ....###.....###....
... ......#.##..###..#
.... #<).#.#.###..#..#
#..#
.#.##....##.....##...#
##.# .................
#.# ..##.........##.
#+# ##..._..o##
#.......@o#
.........o{....#
#..##.....##..### ..#
#..#..# #.# ..
#..###.. ... .... #..
### .#. ..# ..


You could see an orc warrior and 2 orcs.

Vanquished Creatures
  Sigmund (D:2)
  A sky beast (D:4)
  An ogre (D:4)
  A bullfrog (D:4)
  2 scorpions
  A howler monkey (D:3)
  2 jellies (D:5)
  4 gnolls (D:4)
  5 adders
  3 dart slugs
  3 orcs
  8 endoplasms
  6 giant cockroaches
  5 goblins
  12 hobgoblins
  4 quokkas
  6 ball pythons
  6 bats
  4 frilled lizards
  10 kobolds
  6 rats
91 creatures vanquished.

Notes
Turn   | Place    | Note
-------+----------+-------------------------------------------
     0 | D:1      | Malachi the Ghoul Gladiator began the quest for the Orb.
     0 | D:1      | Reached XP level 1. HP: 17/17 MP: 0/0
    44 | D:1      | Reached XP level 2. HP: 22/25 MP: 1/1
   294 | D:1      | Reached XP level 3. HP: 29/30 MP: 2/2
   841 | D:2      | Noticed Sigmund
   865 | D:2      | Reached XP level 4. HP: 30/37 MP: 3/3
   874 | D:2      | Killed Sigmund
   875 | D:2      | Reached skill level 3 in Fighting
   875 | D:2      | Reached XP level 5. HP: 13/46 MP: 4/4
  1066 | D:2      | Reached XP level 6. HP: 51/52 MP: 5/5
  1503 | D:3      | Identified the "Ecerphic"
  2595 | D:4      | Reached skill level 4 in Fighting
  2719 | D:4      | Reached XP level 7. HP: 42/59 MP: 6/6
  3078 | D:4      | Found a hazy altar of Hepliaklqana.
  3325 | D:4      | Identified a scroll of acquirement
  3325 | D:4      | Acquired 744 gold pieces
  3412 | D:5      | Entered Level 5 of the Dungeon
  3532 | D:5      | Reached skill level 5 in Fighting
  3630 | D:5      | Noticed Eustachio
  3829 | D:6      | Found a shadowy altar of Dithmenos.
  3845 | D:6      | HP: 1/61 [something/puff of flame (4)]
  3845 | D:6      | Constricted to death by an orc wizard

Illustrated notes

Levels and vault maps discovered:
D:1:      roderic_dead_forest, layout_loops_cross, hex_tiny
D:2:      layout_basic, uniq_sigmund
D:3:      layout_basic, amcnicky_mini_pool_small, kennysheep_big_empty_room
D:4:      layout_cave_pools, marbit_many_paths
D:5:      layout_basic, uniq_eustachio, uniq_grinder
D:6:      layout_loops_corners, nicolae_dithmenos_shadow_blocks,
          tso_oasis_becter, nicolae_qazlal_beasts_of_the_sky, temple_green

Skill      XL: |  1  2  3  4  5  6  7 |
---------------+----------------------+-----
Throwing       | 2 3 4 |  4.2
Dodging        | 3 4 |  4.7
Axes           | 3 4 |  4.7
Fighting       | 3 4 5 |  5.0

Action                     |  1- 3 |  4- 6 |  7- 9 || total
---------------------------+-------+-------+-------++-------
  Melee: War axe           |    95 |   127 |   112 ||   334
         Punch             |       |     2 |     1 ||     3
    Use: Potion            |     2 |     2 |     1 ||     5
         Scroll            |       |     5 |     3 ||     8
 Armour: Leather armour    |    30 |       |       ||    30
         Scale mail        |    30 |    37 |       ||    67
         Chain mail        |       |    38 |    97 ||   135
  Dodge: Dodged            |    86 |   120 |   130 ||   336

Table legend: (Time is in decaauts)
 A = Elapsed time spent in this place.
 B = Non-inter-level travel time spent in this place.
 C = Inter-level travel time spent in this place.
 D = Time resting spent in this place.
 E = Time spent auto-exploring this place.
 F = Levels seen in this place.
 G = Mean time per level.
                   A        B        C        D        E       F      G
               +--------+--------+--------+--------+--------+-----+--------+
         Total |   3949 |   3533 |    416 |    264 |   2443 |   6 |  658.2 |
       Dungeon |   3949 |   3533 |    416 |    264 |   2443 |   6 |  658.2 |
               +--------+--------+--------+--------+--------+-----+--------+

Top non-repeatable levels by time:
     D:3: 1175 daAuts
     D:2: 793 daAuts
     D:4: 779 daAuts
     D:1: 758 daAuts
     D:5: 255 daAuts
     D:6: 187 daAuts
